 Dungeon Crawl Stone Soup version 0.19.0-2-gae57169 (webtiles) character file.

147 Pepeogr the Ruffian (level 5, 0/42 HPs)
             Began as a Draconian Transmuter on Nov 6, 2016.
             Slain by a bat (1 damage)
             ... on level 3 of the Dungeon.
             The game lasted 00:12:06 (2063 turns).

Pepeogr the Ruffian (Draconian Transmuter)          Turns: 2063, Time: 00:12:07

Health: 0/42       AC:  5    Str: 12 (13) XL:     5   Next: 8%
Magic:  7/8        EV: 12    Int: 10 (13) God:
Gold:   67         SH:  0    Dex:  9 (12) Spells: 1 memorised, 7 levels left

rFire  . . .     SeeInvis .     d - +1 short sword (venom)
rCold  . . .     Gourm    .     (armour unavailable)
rNeg   . . .     Faith    .     (no shield)
rPois  .         Spirit   .     (helmet restricted)
rElec  .         Reflect  .     (no cloak)
rCorr  .         Harm     .     (no gloves)
MR     .....                    (no boots)
Stlth  +.........               (no amulet)
                                (no ring)
                                (no ring)

@: lethally poisoned (0 -> 0)
A: unfitting armour, cold-blooded, AC +5
a: no special abilities


You were on level 3 of the Dungeon.
You were not hungry.

You visited 1 branch of the dungeon, and saw 3 of its levels.

You collected 67 gold pieces.

Inventory:

Hand Weapons
 d - a +1 short sword of venom (weapon)
 e - a +2 dagger of flaming
 f - a +0 short sword
 j - a +0 short sword of holy wrath
Missiles
 a - 12 arrows
Scrolls
 h - 2 scrolls of remove curse
Books
 b - a book of Changes

   Spells                             Type                      Level
   a - Beastly Appendage              Transmutation                1
   b - Sticks to Snakes               Transmutation                2
   c - Spider Form                    Transmutation/Poison         3
   d - Ice Form                       Ice/Transmutation            4
   e - Blade Hands                    Transmutation                5
 m - a book of Misfortune

   Spells                             Type                      Level
   a - Confusing Touch                Hexes                        1
   b - Confuse                        Hexes                        3
   c - Gell's Gravitas                Hexes/Translocation          3
   d - Petrify                        Transmutation/Earth          4
   e - Metabolic Englaciation         Hexes/Ice                    5
   f - Yara's Violent Unravelling     Hexes/Transmutation          5
Comestibles
 c - 2 bread rations
 g - a meat ration
 i - a slice of pizza
 l - 4 fruits


   Skills:
 * Level 2.6 Fighting
 + Level 1.7 Short Blades
 + Level 2.9 Dodging
 - Level 3.1 Unarmed Combat
 + Level 2.3 Spellcasting
 * Level 3.0 Transmutations


You had 7 spell levels left.
You knew the following spells:

 Your Spells              Type           Power        Failure   Level  Hunger
a - Beastly Appendage     Tmut           #.....       10%         1    ##.....


Dungeon Overview and Level Annotations

Branches:
Dungeon (3/15)

Altars:
Okawaru


Innate Abilities, Weirdness & Mutations

Your plain brown scales are hard. (AC +5)
You cannot fit into any form of body armour.
You are cold-blooded and may be slowed by cold attacks.


Message History

You hit the gnoll.
The gnoll is poisoned.
You claw the gnoll, but do no damage.
The gnoll is lightly wounded.
The bat closely misses you. The bat hits you but does no damage.
The gnoll hits you but does no damage.
You hit the gnoll.
The gnoll is heavily wounded.
The bat barely misses you. The gnoll hits you.
* * * LOW HITPOINT WARNING * * *
There are monsters nearby!
As you read the scroll of fog, it crumbles to dust.
The scroll dissolves into smoke.
The bat barely misses you. The gnoll barely misses you.
You hit the gnoll.
You kill the gnoll!
* * * LOW HITPOINT WARNING * * *
You feel sick. The bat hits you but does no damage. x2
You closely miss the bat.
Your talons disappear.
The bat hits you.
You die...

#.. ... ##.# ... #.#
8...8 # ### ###
#.######...#
8###8###8###...§§##...#
...........#.###b##...##
........)....# #@#8...8#
...........#.# #§##...#
..##8###8#.#.# #§§#...#
..#### ###.#.# #†.(.#
..8# ....# #...## ..##
##..# #...+ ..# .>#
#...# ..## ####......
..8### #.......


You could see a bat.

Vanquished Creatures
  4 gnolls
  4 adders
  2 worms (D:2)
  4 dart slugs (D:1)
  5 leopard geckos
  3 orcs (D:2)
  5 bats
  3 giant cockroaches
  6 goblins
  5 hobgoblins
  7 kobolds
  2 frilled lizards (D:2)
  3 rats (D:2)
53 creatures vanquished.

Notes
Turn   | Place    | Note
-------+----------+-------------------------------------------
     0 | D:1      | Pepeogr the Draconian Transmuter began the quest for the Orb.
     0 | D:1      | Reached XP level 1. HP: 16/16 MP: 3/3
   188 | D:1      | Reached XP level 2. HP: 20/23 MP: 5/5
   538 | D:1      | Reached XP level 3. HP: 17/28 MP: 6/6
  1021 | D:2      | Found an iron altar of Okawaru.
  1044 | D:2      | Reached skill level 1 in Short Blades
  1197 | D:2      | Reached XP level 4. HP: 35/35 MP: 7/7
  2056 | D:3      | Reached XP level 5. HP: 10/42 MP: 6/8
  2060 | D:3      | HP: 2/42 [gnoll (3)]
  2063 | D:3      | Slain by a bat

Skill      XL: |  1  2  3  4 |
---------------+-------------+-----
Dodging        | 2 |  2.9
Short Blades   | 1 |  1.7
Transmutations | 3 |  3.0
Fighting       | 2 |  2.6
Unarmed Combat | |  3.1
Spellcasting   | |  2.3

Action                   |  1- 3 |  4- 6 || total
-------------------------+-------+-------++-------
Melee: Dagger            |    31 |       ||    31
       Unarmed           |     8 |       ||     8
       Tailslap          |    10 |    12 ||    22
       Short sword       |    83 |    91 ||   174
       Headbutt          |     1 |       ||     1
       Kick              |       |     2 ||     2
 Cast: Beastly Appendage |     1 |     1 ||     2
  Use: Potion            |     3 |     3 ||     6
       Scroll            |     3 |     4 ||     7
  Eat: Bread ration      |     1 |       ||     1
Armor: Skin              |    40 |    40 ||    80
Dodge: Dodged            |   110 |    92 ||   202
